AAA
FLUSHING CHIEFS @ TRENTON LIBERTY
06/03/2060
 
TOP OF THE 1ST
Flushing Chiefs batting - Pitching for Trenton Liberty : RHP Marcus Speight
Pitching: RHP Marcus Speight
Batting: RHB Wyatt Steinauer 0-0: SINGLE (Groundball, 56D, EV 99.4 MPH)
Batting: RHB Venric Udaka 0-0: Swinging Strike
0-1: Ball
1-1: Fly out, F7 (Flyball, 7, EV 93.1 MPH)
Batting: RHB Adrien Mondragon 0-0: Called Strike
0-1: Ball
1-1: Called Strike
1-2: Grounds into double play, 6-4-3 (Groundball, 56, EV 88.1 MPH)
Top of the 1st over - 0 runs, 1 hit, 0 errors, 0 left on base; Flushing 0 - Trenton 0
BOTTOM OF THE 1ST
Trenton Liberty batting - Pitching for Flushing Chiefs : RHP Steven Frack
Pitching: RHP Steven Frack
Batting: RHB Walter Muller 0-0: Ball
1-0: Foul Ball, location: 2F
1-1: Swinging Strike
1-2: Strikes out swinging
Batting: RHB Brooks Neuman 0-0: Swinging Strike
0-1: Ball
1-1: Ball
2-1: Ball
3-1: Base on Balls
Batting: LHB Marc Kreischer 0-0: Fielders Choice at 2nd, 3-6 (Groundball, 3, EV 110.0 MPH)
Batting: RHB Willy Ellison 0-0: Ball
1-0: SINGLE (Groundball, 6MD, EV 104.4 MPH)
Marc Kreischer to second
Runner from 2nd tries for 3rd, OUT after rundown.
Bottom of the 1st over - 0 runs, 1 hit, 0 errors, 1 left on base; Flushing 0 - Trenton 0
TOP OF THE 2ND
Flushing Chiefs batting - Pitching for Trenton Liberty : RHP Marcus Speight
Batting: RHB J.R. Ketterman 0-0: Ball
1-0: Called Strike
1-1: Ball
2-1: Called Strike
2-2: Ball
3-2: DOUBLE (Line Drive, 9LM, EV 104.4 MPH)
Batting: RHB Dalton Kraut 0-0: Foul Ball, location: 2F
0-1: Ball
1-1: Ball
2-1: Swinging Strike
2-2: Strikes out swinging
Batting: LHB Gage Berube 0-0: Fly out, F7 (Flyball, 78D, EV 101.9 MPH)
Batting: RHB Vance Thompson 0-0: Foul Ball, location: 2F
0-1: Foul Ball, location: 2F
0-2: Ball
1-2: Strikes out swinging
Top of the 2nd over - 0 runs, 1 hit, 0 errors, 1 left on base; Flushing 0 - Trenton 0
BOTTOM OF THE 2ND
Trenton Liberty batting - Pitching for Flushing Chiefs : RHP Steven Frack
Batting: LHB Rodell Davis 0-0: Ball
1-0: Ball
2-0: Ball
3-0: Called Strike
3-1: Base on Balls
Batting: LHB Rob Weeks 0-0: Called Strike
0-1: Ball
1-1: Swinging Strike
1-2: Foul Ball, location: 2F
1-2: Ball
2-2: Foul Ball, location: 2F
2-2: Ball
3-2: Strikes out swinging
Batting: RHB Brenden Wendt 0-0: Foul Ball, location: 2F
0-1: Foul Ball, location: 2F
0-2: Strikes out swinging
Batting: RHB Greg Gardiner 0-0: Called Strike
0-1: Ball
1-1: Ball
2-1: Called Strike
2-2: Ball
3-2: Strikes out looking
Bottom of the 2nd over - 0 runs, 0 hits, 0 errors, 1 left on base; Flushing 0 - Trenton 0
TOP OF THE 3RD
Flushing Chiefs batting - Pitching for Trenton Liberty : RHP Marcus Speight
Batting: RHB Mason Dvorak 0-0: Foul Ball, location: 2F
0-1: Ball
1-1: Ball
2-1: Called Strike
2-2: Strikes out swinging
Batting: SHB Bradley Cone 0-0: Ball
1-0: Ball
2-0: Swinging Strike
2-1: Foul Ball, location: 2F
2-2: Strikes out swinging
Batting: RHB Wyatt Steinauer 0-0: Called Strike
0-1: Ball
1-1: Ball
2-1: Ball
3-1: Swinging Strike
3-2: Base on Balls
Batting: RHB Venric Udaka 0-0: Fly out, F4 (Flyball, 34D, EV 86.9 MPH)
Top of the 3rd over - 0 runs, 0 hits, 0 errors, 1 left on base; Flushing 0 - Trenton 0
BOTTOM OF THE 3RD
Trenton Liberty batting - Pitching for Flushing Chiefs : RHP Steven Frack
Batting: RHB Connor Weber 0-0: Foul Ball, location: 2F
0-1: Ball
1-1: Ground out 6-3 (Groundball, 6M, EV 100.6 MPH)
Batting: RHB Walter Muller 0-0: Ground out 6-3 (Groundball, 6, EV 96.9 MPH)
Batting: RHB Brooks Neuman 0-0: Ball
1-0: Swinging Strike
1-1: Ball
2-1: Ball
3-1: Base on Balls
Batting: LHB Marc Kreischer 0-0: Foul Ball, location: 2F
0-1: Ball
1-1: Foul Ball, location: 2F
1-2: Strikes out swinging
Bottom of the 3rd over - 0 runs, 0 hits, 0 errors, 1 left on base; Flushing 0 - Trenton 0
TOP OF THE 4TH
Flushing Chiefs batting - Pitching for Trenton Liberty : RHP Marcus Speight
Batting: RHB Adrien Mondragon 0-0: Called Strike
0-1: Called Strike
0-2: Ball
1-2: Strikes out swinging
Batting: RHB J.R. Ketterman 0-0: Ball
1-0: Swinging Strike
1-1: Ball
2-1: Ball
3-1: Called Strike
3-2: Base on Balls
Batting: RHB Dalton Kraut 0-0: Called Strike
0-1: Ball
1-1: Ball
2-1: Ball
3-1: Base on Balls
J.R. Ketterman to second
Batting: LHB Gage Berube 0-0: Called Strike
0-1: Ball
1-1: Grounds into double play, 4-6-3 (Groundball, 4S, EV 94.4 MPH)
Top of the 4th over - 0 runs, 0 hits, 0 errors, 1 left on base; Flushing 0 - Trenton 0
BOTTOM OF THE 4TH
Trenton Liberty batting - Pitching for Flushing Chiefs : RHP Steven Frack
Batting: RHB Willy Ellison 0-0: Foul Ball, location: 2F
0-1: Called Strike
0-2: Strikes out swinging
Batting: LHB Rodell Davis 0-0: Ball
1-0: Ball
2-0: Called Strike
2-1: Foul Ball, location: 2F
2-2: Ball
3-2: Base on Balls
Batting: LHB Rob Weeks 0-0: Swinging Strike
0-1: 2-RUN HOME RUN (Flyball, 9D, EV 94.4 MPH), Distance : 363 ft
Batting: RHB Brenden Wendt 0-0: Ball
1-0: Ball
2-0: Called Strike
2-1: Ball
3-1: Base on Balls
Batting: RHB Greg Gardiner 0-0: Foul Ball, location: 2F
0-1: Ball
1-1: Foul Ball, location: 2F
1-2: Fly out, F9 (Flyball, 89M, EV 82.5 MPH)
Batting: RHB Connor Weber 0-0: Foul Ball, location: 2F
0-1: Ball
1-1: SINGLE (Line Drive, 78M, EV 106.2 MPH)
Brenden Wendt to second
Batting: RHB Walter Muller 0-0: Ball
1-0: Ball
2-0: Called Strike
2-1: Foul Ball, location: 2F
2-2: Ball
3-2: Strikes out looking
Bottom of the 4th over - 2 runs, 2 hits, 0 errors, 2 left on base; Flushing 0 - Trenton 2
TOP OF THE 5TH
Flushing Chiefs batting - Pitching for Trenton Liberty : RHP Marcus Speight
Batting: RHB Vance Thompson 0-0: Ball
1-0: Foul Ball, location: 2F
1-1: Swinging Strike
1-2: SINGLE (Line Drive, 8RS, EV 95.0 MPH)
Batting: RHB Mason Dvorak 0-0: Called Strike
0-1: Swinging Strike
0-2: Foul Ball, location: 2F
0-2: Ground out 4-3 (Groundball, 4S, EV 68.8 MPH)
Vance Thompson to second
Batting: SHB Bradley Cone 0-0: DOUBLE (Line Drive, 9LS, EV 103.1 MPH)
Vance Thompson scores
Batting: RHB Wyatt Steinauer 0-0: Called Strike
0-1: Ball
1-1: Ball
2-1: Ball
3-1: Called Strike
3-2: Foul Ball, location: 2F
3-2: Foul Ball, location: 2F
3-2: Strikes out swinging
Batting: RHB Venric Udaka 0-0: Swinging Strike
0-1: Foul Ball, location: 2F
0-2: Strikes out swinging
Top of the 5th over - 1 run, 2 hits, 0 errors, 1 left on base; Flushing 1 - Trenton 2
BOTTOM OF THE 5TH
Trenton Liberty batting - Pitching for Flushing Chiefs : RHP Steven Frack
Batting: RHB Brooks Neuman 0-0: Foul Ball, location: 2F
0-1: Foul Ball, location: 2F
0-2: Foul Ball, location: 2F
0-2: Foul Ball, location: 2F
0-2: Strikes out swinging
Batting: LHB Marc Kreischer 0-0: Foul Ball, location: 2F
0-1: Ball
1-1: Ground out 4-3 (Groundball, 4, EV 100.6 MPH)
Batting: RHB Willy Ellison 0-0: Ball
1-0: Called Strike
1-1: Swinging Strike
1-2: Strikes out swinging
Bottom of the 5th over - 0 runs, 0 hits, 0 errors, 0 left on base; Flushing 1 - Trenton 2
TOP OF THE 6TH
Flushing Chiefs batting - Pitching for Trenton Liberty : RHP Marcus Speight
Pitching: LHP James Murray
Batting: RHB Adrien Mondragon 0-0: Ball
1-0: Foul Ball, location: 2F
1-1: Foul Ball, location: 2F
1-2: Ball
2-2: Ball
3-2: Base on Balls
Batting: RHB J.R. Ketterman 0-0: Grounds into double play, 5-4-3 (Groundball, 56, EV 82.5 MPH)
Batting: RHB Dalton Kraut 0-0: Ball
1-0: SINGLE (Groundball, 6MD, EV 100.0 MPH)
Batting: LHB Gage Berube 0-0: Ground out 1-3 (Groundball, 34S, EV 65.6 MPH)
Top of the 6th over - 0 runs, 1 hit, 0 errors, 1 left on base; Flushing 1 - Trenton 2
BOTTOM OF THE 6TH
Trenton Liberty batting - Pitching for Flushing Chiefs : RHP Steven Frack
Batting: LHB Rodell Davis 0-0: Ball
1-0: Called Strike
1-1: Swinging Strike
1-2: Fly out, F4 (Popup, 4, EV 60.6 MPH)
Batting: LHB Rob Weeks 0-0: Foul Ball, location: 2F
0-1: SINGLE (Line Drive, 8RS, EV 93.1 MPH)
Batting: RHB Brenden Wendt 0-0: Ball
1-0: Ball
2-0: Fly out, F7 (Flyball, 7D, EV 98.8 MPH)
Batting: RHB Greg Gardiner 0-0: Called Strike
0-1: Ball
1-1: Foul Ball, location: 2F
1-2: Foul Ball, location: 2F
1-2: Ball
2-2: Ball
3-2: Fly out, F8 (Flyball, 8LS, EV 93.1 MPH)
Bottom of the 6th over - 0 runs, 1 hit, 0 errors, 1 left on base; Flushing 1 - Trenton 2
TOP OF THE 7TH
Flushing Chiefs batting - Pitching for Trenton Liberty : LHP James Murray
Batting: RHB Vance Thompson 0-0: Ball
1-0: Foul Ball, location: 2F
1-1: Ball
2-1: Called Strike
2-2: SINGLE (Flyball, 8RS, EV 85.6 MPH)
Batting: RHB Mason Dvorak 0-0: Ball
1-0: Swinging Strike
1-1: Called Strike
1-2: Strikes out swinging
Batting: SHB Bradley Cone 0-0: Called Strike
Vance Thompson steals 2nd base
0-1: Ball
1-1: Ball
2-1: Foul Ball, location: 2F
2-2: Ball
3-2: SINGLE (Line Drive, 89S, EV 98.1 MPH)
Vance Thompson to third
Batting: RHB Wyatt Steinauer 0-0: Foul Ball, location: 2F
0-1: Swinging Strike
0-2: Ball
1-2: Ball
2-2: Strikes out looking
Pitching: RHP Holden Ritchey
Batting: RHB Venric Udaka 0-0: Called Strike
0-1: Ball
1-1: Ball
2-1: Ball
3-1: Ground out 5-3 (Groundball, 25, EV 90.0 MPH)
Top of the 7th over - 0 runs, 2 hits, 0 errors, 2 left on base; Flushing 1 - Trenton 2
BOTTOM OF THE 7TH
Trenton Liberty batting - Pitching for Flushing Chiefs : RHP Steven Frack
Batting: RHB Connor Weber 0-0: Foul Ball, location: 2F
0-1: Ball
1-1: Called Strike
1-2: Foul Ball, location: 2F
1-2: Foul Ball, location: 2F
1-2: Ball
2-2: Ball
3-2: SINGLE (Groundball, 56D, EV 105.0 MPH)
Pitching: RHP Dane Wines
Batting: RHB Walter Muller 0-0: Swinging Strike
0-1: Called Strike
0-2: Ball
1-2: Strikes out swinging
Batting: RHB Brooks Neuman 0-0: Fly out, F6 (Line Drive, 6, EV 70.0 MPH)
Pitching: LHP Drake Moore
Batting: LHB Marc Kreischer 0-0: Called Strike
0-1: Ball
1-1: Ground out 5-3 (Groundball, 5S, EV 81.9 MPH)
Bottom of the 7th over - 0 runs, 1 hit, 0 errors, 1 left on base; Flushing 1 - Trenton 2
TOP OF THE 8TH
Flushing Chiefs batting - Pitching for Trenton Liberty : RHP Holden Ritchey
Batting: RHB Adrien Mondragon 0-0: Called Strike
0-1: Foul Ball, location: 2F
0-2: SINGLE (Line Drive, 8LS, EV 88.8 MPH)
Batting: RHB J.R. Ketterman 0-0: Called Strike
0-1: Foul Ball, location: 2F
0-2: Strikes out swinging
Batting: RHB Dalton Kraut 0-0: Ball
1-0: Swinging Strike
1-1: Called Strike
1-2: Foul Ball, location: 2F
1-2: Strikes out swinging
Batting: LHB Gage Berube 0-0: Called Strike
0-1: Ball
1-1: Foul Ball, location: 2F
1-2: Ball
2-2: Ball
3-2: Foul Ball, location: 2F
3-2: Strikes out swinging
Top of the 8th over - 0 runs, 1 hit, 0 errors, 1 left on base; Flushing 1 - Trenton 2
BOTTOM OF THE 8TH
Trenton Liberty batting - Pitching for Flushing Chiefs : LHP Drake Moore
Batting: RHB Willy Ellison 0-0: Called Strike
0-1: Ball
1-1: Called Strike
1-2: Ball
2-2: DOUBLE (Line Drive, 7LM, EV 96.9 MPH)
Batting: LHB Rodell Davis 0-0: Ball
1-0: Foul Ball, location: 2F
1-1: Ball
2-1: Foul Ball, location: 2F
2-2: Fly out, F8 (Flyball, 8LXD, EV 92.5 MPH)
Runner from 2nd tags up, SAFE at 3rd, no throw by CF
Batting: LHB Rob Weeks 0-0: SINGLE (Groundball, 4M, EV 103.1 MPH)
Willy Ellison scores
Batting: RHB Brenden Wendt 0-0: Called Strike
0-1: Ball
1-1: Ball
2-1: Reached on error, E6 (Groundball, 6, EV 107.5 MPH)
Rob Weeks to second
Batting: RHB Greg Gardiner 0-0: Grounds into double play, 6-4-3 (Groundball, 6, EV 97.5 MPH)
Bottom of the 8th over - 1 run, 2 hits, 1 error, 1 left on base; Flushing 1 - Trenton 3
TOP OF THE 9TH
Flushing Chiefs batting - Pitching for Trenton Liberty : RHP Holden Ritchey
Pitching: RHP Si Prescott
Batting: RHB Vance Thompson 0-0: Called Strike
0-1: Ball
1-1: Ball
2-1: Foul Ball, location: 2F
2-2: Ball
3-2: SINGLE (Groundball, 56D, EV 96.9 MPH)
Pinch Hitting: RHB Carleton Trew 0-0: Foul Ball, location: 2F
0-1: Ball
1-1: Called Strike
1-2: Hit by Pitch
Vance Thompson to second
Batting: SHB Bradley Cone 0-0: Ball
1-0: Called Strike
1-1: Ball
2-1: Called Strike
2-2: Grounds into double play, 4-6-3 (Groundball, 4, EV 86.2 MPH)
Vance Thompson to third
Batting: RHB Wyatt Steinauer 0-0: Ball
1-0: Foul Ball, location: 2F
1-1: Ball
2-1: Ball
3-1: SINGLE (Flyball, 7S, EV 89.4 MPH)
Vance Thompson scores
Pitching: RHP Devin Perlin
Batting: RHB Venric Udaka 0-0: Ball
1-0: Ball
2-0: Called Strike
2-1: SINGLE (Line Drive, 6D, EV 96.2 MPH)
Wyatt Steinauer to second
Batting: RHB Adrien Mondragon 0-0: Ball
1-0: Called Strike
1-1: Swinging Strike
1-2: Strikes out swinging
Top of the 9th over - 1 run, 3 hits, 0 errors, 2 left on base; Flushing 2 - Trenton 3
Sunday, May 5th , 2024 - OOTP Baseball 23.10 Build 110